 Dungeon Crawl Stone Soup version 0.23.0 (webtiles) character file.

Game seed: 1922279356757328596

53 Borgoz the Sneak (level 3, -4/26 HPs)
             Began as a Ghoul Enchanter on Feb 17, 2019.
             Slain by an ooze (5 damage)
             ... on level 3 of the Dungeon.
             The game lasted 00:03:19 (1801 turns).

Borgoz the Sneak (Ghoul Enchanter)                  Turns: 1801, Time: 00:03:20

Health: -4/26      AC:  4    Str: 11    XL:     3   Next: 89%
Magic:  4/5        EV: 12    Int: 10    God:
Gold:   171        SH:  0    Dex: 10    Spells: 5/6 levels left

rFire    . . .     SeeInvis .   a - +1 dagger
rCold    + . .     Gourm    .   (no shield)
rNeg     + + +     Faith    .   b - +0 robe
rPois    ∞         Spirit   .   c - +1 helmet
rElec    .         Reflect  .   (no cloak)
rCorr    .         Harm     .   (no gloves)
MR       .....                  (no boots)
Stlth    ++........             (no amulet)
HPRegen  0.00/turn              j - ring of flight
MPRegen  0.09/turn              (no ring)

@: rotting
A: rotting body, claws 1, carnivore, cold resistance 1, negative energy
resistance 3, inhibited regeneration, torment resistance, unbreathing
a: Evoke Flight


You were on level 3 of the Dungeon.
You were not hungry.

You visited 1 branch of the dungeon, and saw 3 of its levels.

You collected 171 gold pieces.

Inventory:

Hand Weapons
 a - a +1 dagger (weapon)
Missiles
 k - 16 poisoned needles
Armour
 b - a +0 robe (worn)
 c - a +1 helmet (worn)
 m - a +0 chain mail
Jewellery
 j - a ring of flight (left claw)
Scrolls
 g - a scroll of remove curse {unknown}
 h - a scroll of magic mapping {unknown}
 l - 3 scrolls of identify {unknown}
 n - 2 scrolls of teleportation {unknown}
Potions
 e - 2 potions of curing {unknown}
 i - a potion of flight {unknown}
Comestibles
 d - a ration


   Skills:
 * Level 1.7 Short Blades
 * Level 2.3 Dodging
 * Level 4.0 Stealth
 + Level 2.0 Spellcasting
 + Level 2.5 Hexes


You had 5 spell levels left.
You knew the following spells:

 Your Spells              Type           Power        Failure   Level  Hunger
a - Corona                Hex            #......      11%         1    ##.....

Your spell library contained the following spells:

 Spells                   Type           Power        Failure   Level  Hunger
 Ensorcelled Hibernation  Hex/Ice        #.....       28%         2    ###....
 Confuse                  Hex            #.......     32%         3    ####...
 Tukima's Dance           Hex            #.......     32%         3    ####...
 Dazzling Spray           Conj/Hex       #.....       50%         3    ####...


Dungeon Overview and Level Annotations

Branches:
Dungeon (3/15)

Altars:


Innate Abilities, Weirdness & Mutations

Your body is rotting away.
You thrive on raw meat.
You are immune to poison.
You have sharp fingernails.
You are carnivorous and can eat meat at any time.
Your flesh is cold resistant. (rC+)
You are immune to negative energy. (rN+++)
You do not regenerate when monsters are visible.
You are immune to unholy pain and torment.
You can survive without breathing.


Message History

The ooze barely misses you.
You hit the ooze.
The ooze is moderately wounded.
The ooze hits you but does no damage.
You hit the ooze but do no damage.
The ooze is moderately wounded.
The ooze hits you but does no damage.
You hit the ooze but do no damage.
The ooze is moderately wounded.
The ooze barely misses you.
You barely miss the ooze.
The ooze is moderately wounded.
The ooze hits you.
* * * LOW HITPOINT WARNING * * *
You barely miss the ooze.
The ooze is moderately wounded.
You hit the ooze.
The ooze is moderately wounded.
The ooze hits you.
You die...

#.#......<#.#
..........#.#
#.#.......#.#######
#.......>........
#.#####.#.####### #
#.#.# #.#.####
##.#....# ...####@#
# # ## #..####J##.#
). ..#..#.).....#
... #%#..#..#.####
....#.#..#.......#
.........#$.#.##.#
#..........#..# #
..#?.....#.##.#
#..J...#.# .#


You could see an ooze.

Vanquished Creatures
  2 adders
  A dart slug (D:1)
  A leopard gecko (D:1)
  An orc (D:3)
  6 bats
  A giant cockroach (D:1)
  3 goblins (D:1)
  3 hobgoblins
  4 kobolds
  2 quokkas (D:2)
  4 frilled lizards
  6 rats
34 creatures vanquished.

Notes
Turn   | Place    | Note
-------+----------+-------------------------------------------
     0 | D:1      | Borgoz the Ghoul Enchanter began the quest for the Orb.
     0 | D:1      | Reached XP level 1. HP: 14/14 MP: 2/2
   307 | D:1      | Reached skill level 1 in Short Blades
   635 | D:1      | Reached XP level 2. HP: 16/19 MP: 3/3
  1274 | D:2      | Reached XP level 3. HP: 25/26 MP: 4/4
  1793 | D:3      | Reached skill level 4 in Stealth
  1799 | D:3      | HP: 1/26 [ooze (3)]
  1801 | D:3      | Slain by an ooze

Skill      XL: |  1  2  3 |
---------------+----------+-----
Short Blades   | 1 |  1.7
Dodging        | 2 |  2.3
Spellcasting   | 2 |  2.0
Stealth        | 4 |  4.0
Hexes          | |  2.5

Action                   || total
-------------------------++-------
Melee: Dagger            ||   155
 Cast: Corona            ||     2
 Stab: Sleeping          ||     9
  Eat: Chunk             ||     8
Armor: Robe              ||    41
Dodge: Dodged            ||   101
